 Dungeon Crawl Stone Soup version 0.30-a0-12-gd8047c6341 (webtiles) character file.

Game seed: 17159893020862972179

1231 SensoryNuts the Cleaver (level 8, -3/68 HPs)
             Began as a Hill Orc Fighter on Aug 23, 2022.
             Was a Believer of Beogh.
             Slain by an orc warrior
             ... wielding a +0 trident
              (6 damage)
             ... on level 5 of the Dungeon.
             The game lasted 00:08:20 (5228 turns).

SensoryNuts the Cleaver (Hill Orc Fighter)          Turns: 5228, Time: 00:08:21

Health: -3/68      AC: 10    Str: 21    XL:     8   Next: 48%
Magic:  8/8        EV:  9    Int:  8    God:    Beogh [**....]
Gold:   249        SH:  4    Dex: 10    Spells: 7/7 levels left

rFire   . . .      SeeInvis .    a - +0 war axe
rCold   . . .      Faith    .    c - +0 buckler
rNeg    . . .      Spirit   .    b - +0 scale mail
rPois   .          Reflect  .    (no helmet)
rElec   .          Harm     .    (no cloak)
rCorr   .          Rampage  .    g - +2 pair of gloves
Will    .....                    (no boots)
Stlth   ..........               (no amulet)
HPRegen 0.21/turn                (no ring)
MPRegen 0.11/turn                (no ring)

@: mighty, about to teleport
A: no striking features
a: Renounce Religion, Smiting


You were on level 5 of the Dungeon.
You worshipped Beogh.
Beogh was pleased with you.
You visited 2 branches of the dungeon, and saw 6 of its levels.

You collected 249 gold pieces.

Inventory:

Hand Weapons
 a - a +0 war axe (weapon)
Armour
 b - a +0 scale mail (worn)
 c - a +0 buckler (worn)
 g - a +2 pair of gloves (worn)
Jewellery
 m - a ring of positive energy
 p - an amulet of faith
Wands
 r - a wand of flame (15)
Scrolls
 e - 2 scrolls of noise
 h - a scroll of teleportation
 i - 2 scrolls of enchant armour
 j - a scroll of blinking
 k - 2 scrolls of torment
 l - a scroll of fear
 n - a scroll of magic mapping {unknown}
Potions
 f - 3 potions of curing
 o - a potion of flight
 q - a potion of ambrosia {unknown}


   Skills:
 + Level 5.2 Fighting
 * Level 10.8 Axes
 + Level 5.4 Armour
 + Level 1.1 Dodging
 + Level 0.2 Stealth
 + Level 4.0 Shields


You had 7 spell levels left.
You didn't know any spells.
Your spell library was empty.

Dungeon Overview and Level Annotations

Branches:
Dungeon (5/15)             Temple (1/1) D:4

Altars:
Ashenzari
Cheibriados
Elyvilon
Fedhas
Gozag
Hepliaklqana
Kikubaaqudgha
Makhleb
Nemelex Xobeh
Okawaru
Qazlal
Ru
Sif Muna
Uskayaw
Wu Jian
Xom
Yredelemnul
Zin
The Shining One

Shops:
D:3 =[   D:4 *


Message History

You are too injured to fight recklessly!
You are too injured to fight recklessly!
You are too injured to fight recklessly!
You are too injured to fight recklessly!
You are too injured to fight recklessly!
You are too injured to fight recklessly!
You are too injured to fight recklessly!
You are too injured to fight recklessly!
You are too injured to fight recklessly!
You are too injured to fight recklessly!
You are too injured to fight recklessly!
You are too injured to fight recklessly!
You are too injured to fight recklessly!
A sky beast comes into view.
The orc wizard casts a spell at you. You resist with some effort.
The orc wizard gestures at you while chanting.
You resist with some effort.
You feel very mighty all of a sudden.
The orc warrior hits you from afar with a +0 trident.
Okay, then.
As you read the scroll of teleportation, it crumbles to dust.
You feel strangely unstable. The orc warrior barely misses you.
You slash the orc wizard!
You kill the orc wizard!
Beogh accepts your kill.
The orc warrior hits you from afar with a +0 trident!
* * * LOW HITPOINT WARNING * * *
The orc warrior completely misses you.
Things that are here:
a +0 dagger; a +0 robe You closely miss the orc warrior.
The sky beast flickers out of sight!
Deactivating autopickup; reactivate with Ctrl-A.
The orc warrior hits you with a +0 trident!
* * * LOW HITPOINT WARNING * * *
Unknown command.
The orc warrior attacks as you move away!
The orc warrior hits you with a +0 trident.
You die...
Beogh appreciates the orc warrior's killing of a heretic priest.

#####...#####.####
..................# #.
#.#.##...#####.##.###
...............##.##....
###.#######.###.##)##..##
#...{.# #.# #..))##..##
#....8####.# #.#####....
#...8#.##)# #.# ##.##
#o#.).@.#.# #.# #.#
#...#o###.# #.# #.#
#..#.#.##..###.# #.## .
#.##.#.....# #...
#.#..##.##### ####
#######.# ... ..# ###
####


You could see an orc warrior.

Vanquished Creatures
  A water moccasin (D:5)
  A black bear (D:4)
  2 ogres (D:4)
  A phantom (D:4)
  2 necrophages (D:5)
  A scorpion (D:5)
  A hound (D:3)
  4 jellies
  3 orc priests (D:5)
  3 iguanas
  4 orc wizards
  9 gnolls
  2 adders
  2 ufetubi
  4 dart slugs
  9 orcs
  3 bats (D:3)
  10 endoplasms
  5 goblins
  4 hobgoblins
  10 jackals
  6 kobolds
  4 quokkas
  5 ball pythons
  4 frilled lizards
  4 rats
104 creatures vanquished.

Vanquished Creatures (others)
  4 plants (D:4)
4 creatures vanquished.

Grand Total: 108 creatures vanquished

Notes
Turn   | Place    | Note
-------+----------+-------------------------------------------
     0 | D:1      | SensoryNuts the Hill Orc Fighter began the quest for the
                  | Orb.
     0 | D:1      | Reached XP level 1. HP: 19/19 MP: 1/1
   374 | D:1      | Reached XP level 2. HP: 25/27 MP: 2/2
   375 | D:1      | Reached skill level 3 in Axes
  1147 | D:2      | Reached XP level 3. HP: 28/33 MP: 3/3
  1372 | D:2      | Reached skill level 4 in Axes
  1511 | D:2      | Became a worshipper of Beogh the Brigand
  1951 | D:3      | Found Olirr's Antique Armour Shop.
  1962 | D:3      | Reached XP level 4. HP: 40/40 MP: 4/4
  2143 | D:3      | Found Omy Turr's Jewellery Shop.
  2212 | D:3      | Found a faded altar of an unknown god.
  2859 | D:4      | Found a staircase to the Ecumenical Temple.
  2867 | D:4      | Reached skill level 5 in Axes
  2871 | Temple   | Entered the Ecumenical Temple
  2954 | D:4      | Found Xagocw's Assorted Antiques.
  2975 | D:4      | Noticed an ogre
  2984 | D:4      | Reached XP level 5. HP: 29/46 MP: 5/5
  3016 | D:4      | Killed an ogre
  3017 | D:4      | Reached skill level 6 in Axes
  3232 | D:4      | Noticed an ogre
  3243 | D:4      | Killed an ogre
  3244 | D:4      | Reached XP level 6. HP: 33/53 MP: 6/6
  3251 | D:4      | Reached skill level 7 in Axes
  3629 | D:3      | Reached * piety under Beogh
  4131 | D:4      | Reached skill level 8 in Axes
  4131 | D:4      | Reached XP level 7. HP: 60/60 MP: 7/7
  4590 | D:5      | Entered Level 5 of the Dungeon
  4595 | D:5      | Reached skill level 9 in Axes
  4618 | D:5      | Reached skill level 5 in Armour
  4618 | D:5      | Reached XP level 8. HP: 60/67 MP: 8/8
  4621 | D:5      | Reached skill level 5 in Fighting
  4697 | D:5      | Reached skill level 10 in Axes
  4900 | D:5      | Reached skill level 1 in Dodging
  5076 | D:5      | Reached ** piety under Beogh
  5227 | D:5      | HP: 3/68 [orc warrior/+0 trident (12)]
  5228 | D:5      | Slain by an orc warrior

Illustrated notes

Levels and vault maps discovered:
D:1:      saegor_arrival_simple_e, layout_loops_corners
D:2:      layout_loops_ring
D:3:      layout_basic, ebering_ecumenical_altar_abandoned, serial_shops,
          nicolae_lakefront_shop, nicolae_shop_waterfront, bh_walls_and_bars
D:4:      layout_basic, minmay_temple_entry_overgrown, serial_shops, shop
D:5:      layout_loops_ring, guppyfry_early_orc_mine, uniq_blork_the_orc
Temple:   hellmonk_temple_of_storms

Skill      XL: |  1  2  3  4  5  6  7  8 |
---------------+-------------------------+-----
Axes           | 3 4 5 6 8 9 10 | 10.8
Fighting       | 4 5 |  5.2
Armour         | 4 5 |  5.4
Shields        | 4 |  4.0
Dodging        | 1 |  1.1
Stealth        | |  0.2

Action                   |  1- 3 |  4- 6 |  7- 9 || total
-------------------------+-------+-------+-------++-------
Melee: War axe           |    79 |    94 |   108 ||   281
Invok: Convert to Beogh  |     1 |       |       ||     1
  Use: Scroll            |     7 |     1 |     2 ||    10
       Potion            |     4 |     3 |     1 ||     8
Armor: Scale mail        |    34 |    44 |    36 ||   114
Dodge: Dodged            |    34 |    46 |    32 ||   112
Block: Buckler           |    20 |    21 |    21 ||    62

Table legend: (Time is in decaauts)
 A = Elapsed time spent in this place.
 B = Non-inter-level travel time spent in this place.
 C = Inter-level travel time spent in this place.
 D = Time resting spent in this place.
 E = Time spent auto-exploring this place.
 F = Levels seen in this place.
 G = Mean time per level.
                   A        B        C        D        E       F      G
               +--------+--------+--------+--------+--------+-----+--------+
         Total |   5289 |   5136 |    153 |      0 |   4348 |   6 |  881.5 |
       Dungeon |   5225 |   5072 |    153 |      0 |   4306 |   5 | 1045.0 |
        Temple |     63 |     63 |      0 |      0 |     42 |   1 |   63.0 |
               +--------+--------+--------+--------+--------+-----+--------+

Top non-repeatable levels by time:
     D:4: 1311 daAuts
     D:3: 1300 daAuts
     D:1: 1088 daAuts
     D:2: 883 daAuts
     D:5: 641 daAuts
  Temple: 63 daAuts
